 Dungeon Crawl Stone Soup version 0.18.1-47-g9310371 (webtiles) character file.

17 rftp080 the Magician (level 2, -2/22 HPs)
             Began as a Ghoul Wizard on June 20, 2016.
             Slain by a giant gecko (3 damage)
             ... on level 1 of the Dungeon.
             The game lasted 00:01:29 (630 turns).

rftp080 the Magician (Ghoul Wizard)                  Turns: 630, Time: 00:01:29

Health: -2/22      AC:  2    Str: 10    XL:     2   Next: 62%
Magic:  0/4        EV: 11    Int: 13    God:
Gold:   20         SH:  0    Dex:  7    Spells: 3 memorised, 1 level left

rFire  . . .     SeeInvis .       - Unarmed
rCold  + . .     Gourm    .     a - +0 robe
rNeg   + + +     Faith    .     (no shield)
rPois  ∞         Spirit   +     b - +0 hat
rElec  .         Dismiss  .     (no cloak)
rCorr  .         Reflect  .     (no gloves)
SustAt .         Harm     .     (no boots)
MR     .....                    i - amulet of guardian spirit
Stlth  ++........               (no ring)
                                (no ring)

@: rotting, not resistant to hostile enchantments, unstealthy
A: rotting body, claws 1, carnivore 3, cold resistance 1, negative energy
resistance 3, slow regeneration 1, torment resistance, unbreathing
a: no special abilities


You were on level 1 of the Dungeon.
You were not hungry.

You visited 1 branch of the dungeon, and saw 1 of its levels.

You collected 20 gold pieces.

Inventory:

Armour
 a - a +0 robe (worn)
 b - a +0 hat (worn)
Jewellery
 i - an amulet of guardian spirit (around neck)
Scrolls
 e - a scroll of fog {unknown}
 f - a scroll of identify {unknown}
 h - a scroll of random uselessness {unknown}
 j - a scroll of noise {unknown}
 k - a scroll of enchant weapon {unknown}
Potions
 l - a potion of magic {unknown}
Books
 c - a book of Minor Magic

   Spells                             Type                      Level
   a - Magic Dart                     Conjuration                  1
   b - Blink                          Translocation                2
   c - Call Imp                       Summoning                    2
   d - Repel Missiles                 Charms/Air                   2
   e - Slow                           Hexes                        2
   f - Conjure Flame                  Conjuration/Fire             3
   g - Mephitic Cloud                 Conjuration/Poison/Air       3
Comestibles
 d - a meat ration
 g - a chunk of flesh


   Skills:
 + Level 0.7 Fighting
 - Level 1.8 Dodging
 - Level 2.1 Stealth
 * Level 1.9 Unarmed Combat
 - Level 2.7 Spellcasting
 - Level 0.7 Conjurations
   Level 0.8 Summonings
 - Level 0.8 Translocations


You had one spell level left.
You knew the following spells:

 Your Spells              Type           Power        Failure   Level  Hunger
a - Magic Dart            Conj           #...         21%         1    #......
b - Blink                 Tloc           N/A          24%         2    ###....
c - Repel Missiles        Chrm/Air       #.....       38%         2    ###....


Dungeon Overview and Level Annotations

Branches:
Dungeon (1/15)

Altars:


Innate Abilities, Weirdness & Mutations

Your body is rotting away.
You thrive on raw meat.
You are immune to poison.
You have sharp fingernails.
You are carnivorous and can eat meat at any time.
Your flesh is cold resistant.
You are immune to negative energy.
You regenerate slowly when monsters are visible.
You are immune to unholy pain and torment.
You can survive without breathing.


Message History

The giant gecko bites you.
* * * LOW HITPOINT WARNING * * *
The giant gecko barely misses you.
Casting: Magic Dart
Confirm with . or Enter, or press ? or * to list all spells.
Aiming: Magic Dart
Press: ? - help, Shift-Dir - straight line, f - giant gecko
Aim: a giant gecko (moderately wounded, clinging)
The magic dart hits the giant gecko.
The giant gecko is severely wounded.
The giant gecko barely misses you.
Casting: Magic Dart
Confirm with . or Enter, or press ? or * to list all spells.
Aiming: Magic Dart
Press: ? - help, Shift-Dir - straight line, f/p - giant gecko
Aim: a giant gecko (severely wounded, clinging)
The magic dart hits the giant gecko.
The giant gecko is almost dead.
The giant gecko bites you.
You die...

..... #.#.#
#.# ######
.... #.#..
#.# ###
#.##.# #.#
#.# ..##.#
### #.##.#
#.##.# #.##g#
#.##l# #.##@#
##.##.######
#............
#.#.#.#######
#.#.#.#
#.#.#.#
#.#...#
#.##..#
#.##..####


You could see a giant gecko and a hobgoblin.

Vanquished Creatures
  An ooze (D:1)
  A giant gecko (D:1)
  A bat (D:1)
  2 giant cockroaches (D:1)
  A goblin (D:1)
  3 hobgoblins (D:1)
  2 rats (D:1)
11 creatures vanquished.

Notes
Turn   | Place    | Note
--------------------------------------------------------------
     0 | D:1      | rftp080 the Ghoul Wizard began the quest for the Orb.
     0 | D:1      | Reached XP level 1. HP: 14/14 MP: 3/3
   225 | D:1      | Reached skill level 1 in Unarmed Combat
   225 | D:1      | Reached XP level 2. HP: 9/20 MP: 2/4
   527 | D:1      | Learned a level 2 spell: Blink
   530 | D:1      | Learned a level 2 spell: Repel Missiles
   621 | D:1      | HP: 1/22 [giant gecko (4)]
   630 | D:1      | Slain by a giant gecko

Skill      XL: |  1 |
---------------+----+-----
Unarmed Combat | 1 |  1.9
Fighting       | |  0.7
Dodging        | |  1.8
Stealth        | |  2.1
Spellcasting   | |  2.7
Conjurations   | |  0.7
Summonings     | |  0.8
Translocations | |  0.8

Action                   || total
-------------------------++-------
Melee: Unarmed           ||    71
 Cast: Magic Dart        ||     5
  Eat: Chunk             ||     6
Armor: Robe              ||    15
Dodge: Dodged            ||    39
